Map: Central Protocol

Players

IntuitioN - Winner!

  • Race: Protoss Protoss
  • League: Diamond

caiobex

  • Race: Terran Terran
  • League: Master

VOD

Have the link to the VOD?

Description

Time

  • Played on: March 14, 2016, 5:14 p.m.
  • Length: 4:59
Show
View Real Time Build Order
Export as new Build Order

IntuitioN Protoss - Winner!

Build Orders:  

Get SALT Encoding   

  12  0:00  Probe (Chrono Boost)  
  13  0:11  Probe (Chrono Boost)  
  14  0:17  Pylon  
  14  0:22  Probe (Chrono Boost)  
  15  0:35  Gateway  
  15  0:38  Probe (Chrono Boost)  
  16  0:46  Assimilator  
  16  0:48  Probe (Chrono Boost)  
  17  0:59  Probe (Chrono Boost)  
  17  1:01  Gateway  
  18  1:09  Probe (Chrono Boost)  
  19  1:20  Probe (Chrono Boost)  
  19  1:22  Cybernetics Core  
  20  1:28  Zealot (Chrono Boost)  
  22  1:34  Assimilator  
  22  1:36  Probe (Chrono Boost)  
  23  1:52  Pylon  
  23  1:59  Warp Gate (Chrono Boost)  
  23  2:06  Pylon  
  23  2:11  Stalker (Chrono Boost)  
  23  2:14  Stalker (Chrono Boost)  
  27  2:21  Probe  
  28  2:25  Gateway  
  25  2:51  Stalker  
  25  2:53  Probe  
  25  2:58  Gateway  
  28  3:05  Stalker  
  30  3:12  Stalker (Chrono Boost)  
  32  3:14  Pylon  
  32  3:23  Probe  
  33  3:49  Stalker x2  
  33  3:51  Stalker  
  33  3:53  Stalker  
  41  4:00  Pylon  
  41  4:15  Stalker  
  43  4:17  Stalker  
  43  4:31  Stalker  
  37  4:48  Stalker  
  37  4:49  Stalker  
  37  4:51  Stalker  
Show
View Real Time Build Order
Export as new Build Order

caiobex Terran 

Build Orders: Reaper Expand 

Get SALT Encoding   

  12  0:01  SCV  
  13  0:13  SCV  
  14  0:19  Supply Depot  
  14  0:25  SCV  
  15  0:40  SCV  
  16  0:42  Barracks  
  16  0:48  Refinery  
  16  0:52  SCV  
  17  1:05  SCV  
  18  1:17  SCV  
  19  1:29  Orbital Command  
  19  1:33  Reaper  
  20  1:41  Command Center  
  20  1:56  SCV  
  20  2:00  Supply Depot  
  21  2:11  SCV  
  21  2:14  Barracks Reactor  
  22  2:27  Command Center  
  22  2:38  SCV  
  23  2:51  Barracks  
  23  2:55  Barracks  
  23  2:56  Factory  
  23  2:58  Orbital Command  
  23  3:00  Marine  
  23  3:04  Marine  
  25  3:08  SCV  
  26  3:14  Refinery  
  26  3:18  Marine  
  27  3:22  Marine  
  28  3:41  Orbital Command  
  28  3:44  Barracks Tech Lab x2, Bunker  
  28  3:47  SCV  
  29  3:48  Bunker  
  29  3:53  Factory Tech Lab  
  29  3:58  Marine x2  
  33  4:03  Marauder  
  33  4:04  Marauder  
  33  4:19  Marine x2  
  36  4:24  Marauder  
Tags
 
Add a new tag
Caveats
  • Supply blocks, unpowered buildings, or Contaminate may cause inaccurate times.
  • Supply counts are checked every 10 seconds.